[Event "8th Mersin Open 2024"]
[Site "Mersin"]
[Date "2024.11.13"]
[Round "5"]
[White "Schekachikhin, Maksim"]
[Black "Zerey, Demhat"]
[Result "1-0"]
[ECO "C02"]
[WhiteElo "2353"]
[BlackElo "2194"]
[Annotator "RC"]
[PlyCount "61"]
[EventDate "2024.11.10"]
[EventType "swiss"]
[EventCountry "TUR"]
[SourceTitle "playchess.com"]
[Source "ChessBase"]
[SourceQuality "1"]
[TimeControl "5400+30"]

1. e4 e6 2. d4 d5 3. e5 c5 4. c3 Nc6 5. Nf3 Qb6 6. Bd3 cxd4 7. O-O Bd7 8. Re1 Nge7 9. h4 h6 10. Nbd2 Nc8 11. Nb3 dxc3 12. bxc3 Qc7 13. Rb1 Nb6 14. Qe2 Na4 15. Bd2 Nc5 16. Nxc5 Bxc5 17. Nd4 Nxd4 18. cxd4 Bxd4 19. Bb4 Bc5 20. Bxc5 Qxc5 21. Rec1 Qa3 22. Bb5 Qe7 23. Rc7 Rd8 24. Bxd7+ Rxd7 25. Qb5 Kd8 26. Rxb7 Rxb7 27. Qxb7 Qxb7 28. Rxb7 Rf8 29. Rxa7 f6 30. a4 Re8 31. a5 1-0

[Event "8th Mersin Open 2024"]
[Site "Mersin"]
[Date "2024.11.13"]
[Round "5"]
[White "Jinan Jomon"]
[Black "Mahmudzade, Yunis"]
[Result "1-0"]
[ECO "C02"]
[WhiteElo "2342"]
[BlackElo "2065"]
[Annotator "RC"]
[PlyCount "109"]
[EventDate "2024.11.10"]
[EventType "swiss"]
[EventCountry "TUR"]
[SourceTitle "playchess.com"]
[Source "ChessBase"]
[SourceQuality "1"]
[TimeControl "5400+30"]

1. e4 e6 2. d4 d5 3. e5 c5 4. c3 Nc6 5. Nf3 Qb6 6. Bd3 Bd7 7. O-O cxd4 8. Re1 Rc8 9. Nbd2 dxc3 10. bxc3 Bc5 11. Qe2 Qc7 12. Nb3 Be7 13. Bf4 Na5 14. Nfd4 Nc4 15. Rab1 Na3 16. Rbc1 a6 17. g4 g6 18. Bg3 h5 19. h3 hxg4 20. hxg4 Bh4 21. Bf4 Qd8 22. Nf3 Nh6 23. g5 Nf5 24. Kg2 Nb5 25. Bxf5 gxf5 26. Nbd4 Nxc3 27. Qe3 Ne4 28. Rh1 Rxc1 29. Qxc1 Nxf2 30. Rxh4 Rxh4 31. Nxh4 Nd3 32. Qe3 Nxf4+ 33. Qxf4 Qa5 34. Qf2 Kd8 35. Kg3 Qa3+ 36. Nhf3 Qc3 37. Qh2 b5 38. Kf4 Qd3 39. Qh8+ Ke7 40. Qf6+ Ke8 41. Qh8+ Ke7 42. Qb8 a5 43. Qc7 Qc4 44. Qxa5 b4 45. Kg3 Qc3 46. Qb6 Qc4 47. Qa7 Qc8 48. Nb3 Kf8 49. Nc5 Be8 50. Qb6 Kg7 51. Qxb4 Qa8 52. a4 Qd8 53. Nb7 Qb8 54. Qe7 Bxa4 55. Nd8 1-0

[Event "8th Mersin Open 2024"]
[Site "Mersin"]
[Date "2024.11.13"]
[Round "5"]
[White "Aliyev, Ravan"]
[Black "Lobanov, Sergei"]
[Result "0-1"]
[ECO "D38"]
[WhiteElo "2338"]
[BlackElo "2503"]
[Annotator "TA"]
[PlyCount "140"]
[EventDate "2024.11.10"]
[EventType "swiss"]
[EventCountry "TUR"]
[SourceTitle "playchess.com"]
[Source "ChessBase"]
[SourceQuality "1"]
[TimeControl "5400+30"]

1. c4 e6 2. Nc3 d5 3. d4 Nf6 4. Nf3 Bb4 5. Bg5 h6 6. Bxf6 Qxf6 7. e3 O-O 8. Rc1 Nc6 9. a3 {[%emt 0:11:30] D38: Queen's Gambit Declined: Ragozin Defence (4 Nf3 Bb4).} Bxc3+ 10. Rxc3 dxc4 11. Bxc4 e5 12. dxe5 Nxe5 13. Nxe5 Qxe5 14. O-O Bf5 15. Qb3 b6 16. Rd1 Qe7 17. Rcc1 $146 ({Predecessor:} 17. e4 Bg6 18. f3 Rad8 19. Rcd3 c6 20. Qb4 c5 21. Qd2 Rxd3 22. Qxd3 Kh7 23. Qd6 {½-½ Nesterov,A (2497)-Harikrishna,P (2646) Wch Rapid Almaty 2022 (9)}) 17... Rad8 18. Bd5 Rd6 19. f3 Rfd8 20. e4 Be6 21. Bxe6 Qxe6 22. Rxd6 Qxd6 23. Qc3 c5 24. b4 Rc8 25. bxc5 Rxc5 26. Qe3 Rxc1+ 27. Qxc1 Qd4+ 28. Kf1 $1 g6 29. Ke2 Kg7 30. h3 a5 31. g4 g5 32. Qb1 Kf8 33. Qb5 Ke7 34. a4 Kd6 35. Qb3 f6 36. Qb5 Qc5 37. Qb3 Ke5 38. Qb2+ Qd4 39. Qc2 Kd6 40. Qb3 Qc5 41. Kd3 Ke7 42. Ke2 Kd6 43. Kd3 Kc6 44. Qf7 Qa3+ 45. Ke2 Qb2+ 46. Kd3 Qb1+ 47. Kd4 Qd1+ 48. Ke3 Qd6 49. Qe8+ Qd7 50. Qf8 Qe6 51. Qd8 Qb3+ 52. Ke2 Qc2+ (52... Qxa4 $2 {perishes.} 53. Qe8+ (53. Qxf6+ Kb5 $11) 53... Kc5 54. Qxa4 $18) 53. Ke3 Qc3+ 54. Ke2 Kc5 55. Qc7+ Kb4 56. Qxc3+ $1 Kxc3 57. f4 $1 gxf4 58. e5 $2 (58. Kf3 $11) 58... fxe5 $19 59. h4 e4 $1 60. g5 hxg5 61. hxg5 f3+ $1 ({Don't blunder} 61... Kd4 $2 62. g6 $18) 62. Ke3 {[%emt 0:01:27] [#]} f2 $1 63. Kxf2 {[%emt 0:00:30] [#]} Kd2 $1 64. g6 e3+ 65. Kf3 e2 66. g7 e1=Q (66... e1=R $2 {too greedy.} 67. g8=Q Re3+ 68. Kf4 $18) 67. g8=Q Qe3+ 68. Kg2 Qe4+ 69. Kf1 Kc3 70. Qb8 Qf3+ 0-1

[Event "8th Mersin Open 2024"]
[Site "Mersin"]
[Date "2024.11.13"]
[Round "5"]
[White "Mammadova, Gulnar"]
[Black "Yermolinsky, Alex"]
[Result "1/2-1/2"]
[ECO "B50"]
[WhiteElo "2328"]
[BlackElo "2417"]
[Annotator "RC"]
[PlyCount "54"]
[EventDate "2024.11.10"]
[EventType "swiss"]
[EventCountry "TUR"]
[SourceTitle "playchess.com"]
[Source "ChessBase"]
[SourceQuality "1"]
[TimeControl "5400+30"]

1. e4 c5 2. Nf3 d6 3. Bb5+ Bd7 4. Bxd7+ Nxd7 5. O-O Ngf6 6. Qe2 e6 7. b3 Be7 8. c4 O-O 9. Nc3 Ne5 10. Rd1 Qb6 11. Bb2 a6 12. Ne1 Nc6 13. Nc2 Nd4 14. Qd3 Nxc2 15. Qxc2 Rac8 16. Ne2 d5 17. cxd5 exd5 18. e5 Nd7 19. Qf5 Qe6 20. Qxe6 fxe6 21. f4 d4 22. d3 Nb6 23. Bc1 Nd5 24. Bd2 b5 25. Rdc1 h6 26. a4 b4 27. Rf1 Rf7 1/2-1/2

[Event "8th Mersin Open 2024"]
[Site "Mersin"]
[Date "2024.11.13"]
[Round "5"]
[White "Koksal, Ege"]
[Black "Golshaani, Taha"]
[Result "1-0"]
[ECO "A29"]
[WhiteElo "2316"]
[BlackElo "2026"]
[Annotator "RC"]
[PlyCount "91"]
[EventDate "2024.11.10"]
[EventType "swiss"]
[EventCountry "TUR"]
[SourceTitle "playchess.com"]
[Source "ChessBase"]
[SourceQuality "1"]
[TimeControl "5400+30"]

1. c4 Nf6 2. Nc3 e5 3. g3 d5 4. cxd5 Nxd5 5. Bg2 Nb6 6. Nf3 Nc6 7. O-O Be7 8. Rb1 a5 9. a3 O-O 10. b4 f6 11. b5 Nd4 12. Nxd4 Qxd4 13. Qb3+ Kh8 14. d3 a4 15. Qc2 Be6 16. Bxb7 Rab8 17. Bc6 Bb3 18. Rxb3 axb3 19. Qxb3 f5 20. Bb2 Qd6 21. a4 Nc8 22. Qa2 Na7 23. Bf3 c6 24. bxc6 Nxc6 25. Nb5 Qf6 26. Rc1 Nd8 27. Qa1 Qb6 28. Bxe5 Bf6 29. Qa3 Nf7 30. Bxb8 Rxb8 31. Qc5 Qa5 32. Nd6 Qxc5 33. Nxf7+ Kg8 34. Rxc5 Kxf7 35. Rxf5 Rb1+ 36. Kg2 Ra1 37. Ra5 Bc3 38. Rc5 Bb4 39. Rc4 Bd2 40. Rc2 Ba5 41. Bd5+ Ke7 42. Ba2 Kd6 43. d4 Rd1 44. e3 Ra1 45. Bc4 Rxa4 46. Ra2 1-0

[Event "8th Mersin Open 2024"]
[Site "Mersin"]
[Date "2024.11.13"]
[Round "5"]
[White "Odeev, Handszar"]
[Black "Primbetov, Kazbek"]
[Result "1/2-1/2"]
[ECO "B52"]
[WhiteElo "2264"]
[BlackElo "2059"]
[Annotator "RC"]
[PlyCount "24"]
[EventDate "2024.11.10"]
[EventType "swiss"]
[EventCountry "TUR"]
[SourceTitle "playchess.com"]
[Source "ChessBase"]
[SourceQuality "1"]
[TimeControl "5400+30"]

1. e4 c5 2. Nf3 d6 3. Bb5+ Bd7 4. Bxd7+ Qxd7 5. O-O Nc6 6. c3 Nf6 7. Re1 e6 8. d4 cxd4 9. cxd4 d5 10. e5 Ne4 11. Nbd2 Nxd2 12. Bxd2 Be7 1/2-1/2

[Event "8th Mersin Open 2024"]
[Site "Mersin"]
[Date "2024.11.13"]
[Round "5"]
[White "Abbasi Abeluie, Mohammad Mehdi"]
[Black "Bicer, Atakan Mert"]
[Result "1-0"]
[ECO "E62"]
[WhiteElo "2218"]
[BlackElo "2342"]
[Annotator "RC"]
[PlyCount "183"]
[EventDate "2024.11.10"]
[EventType "swiss"]
[EventCountry "TUR"]
[SourceTitle "playchess.com"]
[Source "ChessBase"]
[SourceQuality "1"]
[TimeControl "5400+30"]

1. c4 g6 2. d4 Nf6 3. Nf3 Bg7 4. g3 O-O 5. Bg2 Nc6 6. O-O d6 7. Nc3 e5 8. dxe5 dxe5 9. Bg5 Be6 10. Qc1 Qc8 11. Rd1 Re8 12. Nd5 Nd7 13. Bh6 f6 14. Bxg7 Kxg7 15. Qc3 Ne7 16. Nxe7 Rxe7 17. c5 a5 18. c6 bxc6 19. Qxc6 Rb8 20. b3 Rb6 21. Qc3 Qa6 22. Nd2 Nf8 23. e3 a4 24. Bf1 Qa8 25. Qc5 Kf7 26. Bg2 Qa6 27. Bf1 Qa8 28. Nc4 Ra6 29. Qb5 Ra7 30. Bg2 Qc8 31. Na5 Qa6 32. Qxa6 Rxa6 33. Nc6 Rd7 34. Nd8+ Ke7 35. Nxe6 Nxe6 36. Rxd7+ Kxd7 37. Bf1 Ra7 38. Bb5+ c6 39. Rd1+ Kc7 40. Rc1 axb3 41. Rxc6+ Kb7 42. axb3 Nc7 43. Ba4 Ra6 44. Rxa6 Kxa6 45. Kg2 Ka5 46. Kf3 Nd5 47. Be8 Kb4 48. Bf7 Ne7 49. g4 Kc5 50. Ke4 Kd6 51. b4 f5+ 52. gxf5 gxf5+ 53. Kd3 e4+ 54. Kc3 h6 55. Kb3 Nc6 56. Bg6 Ke6 57. Bh5 Ne5 58. Be2 Kd5 59. Kc3 Kd6 60. Kd4 Nc6+ 61. Kc3 Ne5 62. h3 Kd5 63. Kb3 Kd6 64. h4 Kd5 65. h5 Kc6 66. Kc3 Kd5 67. b5 Kc5 68. b6 Kxb6 69. Kd4 Nc6+ 70. Kd5 Kc7 71. Bb5 Nb4+ 72. Ke6 Nd3 73. f4 Nf2 74. Kxf5 Kd6 75. Bf1 Ke7 76. Bg2 Kd6 77. Bf1 Ke7 78. Ba6 Kf7 79. Bb7 Ke7 80. Ke5 Nd3+ 81. Kd4 Kf6 82. Bxe4 Nf2 83. Bg6 Nh3 84. Ke4 Ng1 85. Kd3 Ke6 86. e4 Nf3 87. Ke3 Ne1 88. e5 Ng2+ 89. Ke4 Ke7 90. f5 Kd7 91. Bf7 Ke7 92. Bb3 1-0

[Event "8th Mersin Open 2024"]
[Site "Mersin"]
[Date "2024.11.13"]
[Round "5"]
[White "Kazimova, Narmin"]
[Black "Gulsoy, Mustafa Alpago"]
[Result "0-1"]
[ECO "C14"]
[WhiteElo "2155"]
[BlackElo "2040"]
[Annotator "RC"]
[PlyCount "92"]
[EventDate "2024.11.10"]
[EventType "swiss"]
[EventCountry "TUR"]
[SourceTitle "playchess.com"]
[Source "ChessBase"]
[SourceQuality "1"]
[TimeControl "5400+30"]

1. d4 e6 2. e4 d5 3. Nc3 Nf6 4. Bg5 Be7 5. e5 Nfd7 6. Bxe7 Qxe7 7. f4 a6 8. Nf3 c5 9. dxc5 Nc6 10. Bd3 Qxc5 11. Qd2 b5 12. Ne2 Nb6 13. c3 Bd7 14. Ned4 Nc4 15. Qe2 g6 16. O-O Rb8 17. Kh1 Ne7 18. b3 Nb6 19. Rac1 Rc8 20. a4 bxa4 21. Bxa6 Ra8 22. b4 Qc7 23. Nb5 Bxb5 24. Bxb5+ Kf8 25. Nd4 h5 26. Qf3 Kg7 27. Qg3 Nf5 28. Nxf5+ exf5 29. Rfe1 Qe7 30. Qe3 Qe6 31. Red1 Rhc8 32. Qd4 a3 33. Ra1 Rc7 34. Ra2 h4 35. h3 Nc4 36. Qxd5 Nb2 37. c4 Nxc4 38. Rd3 Rb8 39. Bxc4 Rxc4 40. Raxa3 Rc1+ 41. Kh2 Rxb4 42. Rac3 Rxc3 43. Rxc3 Rxf4 44. Rc8 Re4 45. Re8 Re1 46. g4 Re2+ 0-1

[Event "8th Mersin Open 2024"]
[Site "Mersin"]
[Date "2024.11.13"]
[Round "5"]
[White "Biriya, Mohammadamin"]
[Black "Ikonnikov, Vyacheslav"]
[Result "1/2-1/2"]
[ECO "E10"]
[WhiteElo "2139"]
[BlackElo "2465"]
[Annotator "RC"]
[PlyCount "113"]
[EventDate "2024.11.10"]
[EventType "swiss"]
[EventCountry "TUR"]
[SourceTitle "playchess.com"]
[Source "ChessBase"]
[SourceQuality "1"]
[TimeControl "5400+30"]

1. d4 Nf6 2. c4 e6 3. Nf3 a6 4. g3 b5 5. Bg2 bxc4 6. Qa4 Bb7 7. Qxc4 d5 8. Qb3 Qc8 9. O-O Bd6 10. Bf4 Bxf4 11. gxf4 O-O 12. Nbd2 a5 13. Rfc1 Nbd7 14. e3 Qb8 15. Rc2 c6 16. Rac1 Rc8 17. Qa3 Rc7 18. Ne1 Qf8 19. Qxf8+ Kxf8 20. Nd3 Ke7 21. Nb3 a4 22. Nbc5 Nxc5 23. Rxc5 Nd7 24. R5c3 Kd6 25. f3 Ba6 26. Ne5 Nxe5 27. fxe5+ Kd7 28. e4 Bc4 29. b3 axb3 30. axb3 Bb5 31. f4 Rca7 32. exd5 exd5 33. Bh3+ Ke7 34. Bf1 Bxf1 35. Kxf1 Rb8 36. Rxc6 Rxb3 37. Rc7+ Rxc7 38. Rxc7+ Ke8 39. Ke2 Rb2+ 40. Ke3 Rxh2 41. Rc5 Rh3+ 42. Ke2 Rh4 43. Ke3 g5 44. fxg5 Re4+ 45. Kd3 Rg4 46. Rxd5 Rxg5 47. Rd6 h5 48. Rh6 Kf8 49. e6 fxe6 50. Rxe6 Kf7 51. Re5 Rxe5 52. dxe5 h4 53. Ke3 h3 54. Kf3 h2 55. e6+ Kxe6 56. Kg2 Kf5 57. Kxh2 1/2-1/2

[Event "8th Mersin Open 2024"]
[Site "Mersin"]
[Date "2024.11.13"]
[Round "5"]
[White "Bayramov, Vugar"]
[Black "Zahedifar, Anahita"]
[Result "1/2-1/2"]
[ECO "D46"]
[WhiteElo "2133"]
[BlackElo "2008"]
[Annotator "RC"]
[PlyCount "89"]
[EventDate "2024.11.10"]
[EventType "swiss"]
[EventCountry "TUR"]
[SourceTitle "playchess.com"]
[Source "ChessBase"]
[SourceQuality "1"]
[TimeControl "5400+30"]

1. d4 d5 2. Nf3 Nf6 3. c4 c6 4. Nc3 e6 5. e3 Nbd7 6. Qc2 Bd6 7. Bd3 O-O 8. O-O e5 9. cxd5 cxd5 10. e4 exd4 11. Nxd5 Nxd5 12. exd5 Nf6 13. Bg5 h6 14. Bh4 Be7 15. Nxd4 Nxd5 16. Bxe7 Qxe7 17. Rfe1 Qf6 18. Qc5 Be6 19. Rad1 b6 20. Qa3 Bg4 21. Be2 Bxe2 22. Rxe2 Nf4 23. Red2 Rad8 24. Qf3 Rfe8 25. Kf1 Qg5 26. a4 Rd6 27. g3 Ng6 28. h4 Qc5 29. b3 Ne5 30. Qe4 Red8 31. Kg2 f5 32. Qf4 Ng6 33. Qe3 f4 34. Qe4 Qh5 35. Nf3 Rxd2 36. Nxd2 fxg3 37. fxg3 Ne5 38. Qd5+ Kf8 39. Qa8 Qe8 40. Qe4 Qc6 41. Qxc6 Nxc6 42. Kf3 Ke7 43. Ke4 Ke6 44. Nf3 g6 45. g4 1/2-1/2

[Event "8th Mersin Open 2024"]
[Site "Mersin"]
[Date "2024.11.13"]
[Round "5"]
[White "Mohannad, Farhan"]
[Black "Khalili, Saeid"]
[Result "1/2-1/2"]
[ECO "D52"]
[WhiteElo "2115"]
[BlackElo "2066"]
[Annotator "RC"]
[PlyCount "49"]
[EventDate "2024.11.10"]
[EventType "swiss"]
[EventCountry "TUR"]
[SourceTitle "playchess.com"]
[Source "ChessBase"]
[SourceQuality "1"]
[TimeControl "5400+30"]

1. d4 d5 2. c4 e6 3. Nc3 Nf6 4. Bg5 c6 5. e3 Nbd7 6. Nf3 Qa5 7. Nd2 Ne4 8. Ndxe4 dxe4 9. Bh4 Bb4 10. Qc2 O-O 11. Be2 f5 12. O-O Nf6 13. Bg3 Qd8 14. Rad1 Bd6 15. Bh4 Qc7 16. c5 Be7 17. Bg3 Qd8 18. b4 Nd5 19. b5 Bd7 20. a4 g5 21. Be5 Bf6 22. Bd6 Be7 23. Be5 Bf6 24. Bd6 Be7 25. Be5 1/2-1/2

[Event "8th Mersin Open 2024"]
[Site "Mersin"]
[Date "2024.11.13"]
[Round "5"]
[White "Akkara, Omer"]
[Black "Sanz Wawer, Daniel"]
[Result "0-1"]
[ECO "B12"]
[WhiteElo "2103"]
[BlackElo "2254"]
[Annotator "RC"]
[PlyCount "70"]
[EventDate "2024.11.10"]
[EventType "swiss"]
[EventCountry "TUR"]
[SourceTitle "playchess.com"]
[Source "ChessBase"]
[SourceQuality "1"]
[TimeControl "5400+30"]

1. e4 c6 2. d4 d5 3. e5 c5 4. dxc5 e6 5. a3 Nc6 6. Nf3 Bxc5 7. b4 Bb6 8. Bb2 Nge7 9. c4 dxc4 10. Qxd8+ Nxd8 11. Bxc4 Bd7 12. Nbd2 O-O 13. O-O a6 14. Bd3 Bc6 15. Nc4 Ba7 16. Ng5 Ng6 17. Nd6 h6 18. Ngxf7 Nf4 19. Nxd8 Raxd8 20. Bc4 Bxg2 21. Bxe6+ Kh7 22. Bf5+ g6 23. Rfc1 gxf5 24. Rc7+ Kg6 25. h4 Rg8 26. Kh2 Bxf2 27. Bc1 Ne6 28. Rf7 Bxh4 29. Kxg2 Rxd6 30. Rxb7 Rd1 31. Rb6 Kf7+ 32. Kh2 Bg3+ 33. Kh3 Rxc1 34. Rb7+ Rc7 35. Rxc7+ Nxc7 0-1

[Event "8th Mersin Open 2024"]
[Site "Mersin"]
[Date "2024.11.13"]
[Round "5"]
[White "Topuz, Mirac Melih"]
[Black "Yildiz, Serdar Murat"]
[Result "1-0"]
[ECO "B48"]
[WhiteElo "2097"]
[BlackElo "2201"]
[Annotator "RC"]
[PlyCount "77"]
[EventDate "2024.11.10"]
[EventType "swiss"]
[EventCountry "TUR"]
[SourceTitle "playchess.com"]
[Source "ChessBase"]
[SourceQuality "1"]
[TimeControl "5400+30"]

1. e4 c5 2. Nf3 e6 3. d4 cxd4 4. Nxd4 Nc6 5. Nc3 Qc7 6. Be3 a6 7. g4 Nxd4 8. Qxd4 b5 9. O-O-O Bb7 10. Rg1 Rc8 11. Kb1 b4 12. Ne2 Qxc2+ 13. Ka1 Nf6 14. Rc1 Qxe4 15. Qa7 Ra8 16. Qb6 Bd5 17. g5 Nh5 18. Bg2 Qe5 19. Bxd5 Qxd5 20. Rgd1 Qb5 21. Qc7 d5 22. Nf4 Nxf4 23. Qxf4 Qd7 24. Qd4 Rg8 25. Bf4 Bd6 26. Rc2 Rd8 27. Bxd6 Qxd6 28. Rdc1 e5 29. Qa7 d4 30. Rc6 Qe7 31. Rc7 Qe6 32. R1c6 Qd5 33. Rc5 Qh1+ 34. Rc1 Qd5 35. f4 d3 36. Re7+ Kf8 37. Rxe5 Qd6 38. Rc7 Qg6 39. Rxf7+ 1-0

[Event "8th Mersin Open 2024"]
[Site "Mersin"]
[Date "2024.11.13"]
[Round "5"]
[White "Pourramezan chafjiri, Parsa"]
[Black "Dogan, Nazmi Can"]
[Result "1/2-1/2"]
[ECO "C41"]
[WhiteElo "2081"]
[BlackElo "2218"]
[Annotator "RC"]
[PlyCount "43"]
[EventDate "2024.11.10"]
[EventType "swiss"]
[EventCountry "TUR"]
[SourceTitle "playchess.com"]
[Source "ChessBase"]
[SourceQuality "1"]
[TimeControl "5400+30"]

1. e4 d6 2. d4 Nf6 3. Nc3 e5 4. Nf3 Nbd7 5. g4 Nxg4 6. Rg1 Ngf6 7. Bc4 exd4 8. Qxd4 c6 9. a4 Qb6 10. Be3 Qxd4 11. Bxd4 h6 12. O-O-O Nb6 13. Ba2 Be6 14. Bxe6 fxe6 15. e5 dxe5 16. Nxe5 Nbd5 17. Nxd5 cxd5 18. f3 Rg8 19. Nd3 Kf7 20. Ne5+ Ke8 21. Nd3 Kf7 22. Ne5+ 1/2-1/2

[Event "8th Mersin Open 2024"]
[Site "Mersin"]
[Date "2024.11.13"]
[Round "5"]
[White "Uzdemir, Ali Poyraz"]
[Black "Zeynalli, Rashad"]
[Result "1-0"]
[ECO "C19"]
[WhiteElo "2081"]
[BlackElo "2300"]
[Annotator "RC"]
[PlyCount "97"]
[EventDate "2024.11.10"]
[EventType "swiss"]
[EventCountry "TUR"]
[SourceTitle "playchess.com"]
[Source "ChessBase"]
[SourceQuality "1"]
[TimeControl "5400+30"]

1. e4 e6 2. d4 d5 3. Nc3 Bb4 4. e5 c5 5. a3 Bxc3+ 6. bxc3 Ne7 7. Nf3 b6 8. Bg5 Ba6 9. Bxa6 Nxa6 10. Qe2 Nb8 11. O-O h6 12. Be3 Qc7 13. Ne1 Nd7 14. f4 h5 15. Nf3 Rc8 16. Nh4 g6 17. f5 gxf5 18. Rae1 Ng6 19. Qf2 Ndf8 20. Nxg6 fxg6 21. dxc5 bxc5 22. Qh4 Nh7 23. h3 O-O 24. Qg3 Qg7 25. h4 Rfd8 26. Bf4 Rb8 27. Rb1 Rdc8 28. Qe3 Qe7 29. g3 Kf7 30. a4 Rg8 31. Qf3 Rb7 32. c4 Rxb1 33. Rxb1 Rd8 34. cxd5 Rxd5 35. c4 Rd7 36. Qa8 Rd8 37. Qc6 Nf8 38. Rb7 Rd7 39. Rb8 Rd8 40. Bg5 Qe8 41. Qxe8+ Rxe8 42. Rb7+ Kg8 43. Rxa7 Nh7 44. Be3 Rc8 45. a5 Nf8 46. a6 Rc6 47. Bh6 Rc8 48. Rb7 Ra8 49. a7 1-0

[Event "8th Mersin Open 2024"]
[Site "Mersin"]
[Date "2024.11.13"]
[Round "5"]
[White "Saygin, Nurettin"]
[Black "Turker, Esat Tuna"]
[Result "1/2-1/2"]
[ECO "B40"]
[WhiteElo "2066"]
[BlackElo "2050"]
[Annotator "ChessBase"]
[PlyCount "218"]
[EventDate "2024.11.10"]
[EventType "swiss"]
[EventCountry "TUR"]
[SourceTitle "playchess.com"]
[Source "ChessBase"]
[SourceQuality "1"]
[TimeControl "5400+30"]

1. e4 c5 2. Nf3 e6 3. d4 cxd4 4. Nxd4 Nf6 5. Nc3 Nc6 6. Nxc6 bxc6 7. Bd3 d5 8. O-O Be7 9. Re1 O-O 10. e5 Nd7 11. Qh5 g6 12. Qh6 a5 13. g3 Re8 14. Rb1 Ba6 15. Bxa6 Rxa6 16. h4 Bf8 17. Qd2 Qc7 18. Qe2 Rb6 19. h5 Bg7 20. hxg6 hxg6 21. f4 f6 22. Be3 Rbb8 23. exf6 Bxf6 24. Bf2 Kf7 25. Qf3 e5 26. fxe5 Nxe5 27. Qg2 Nc4 28. Rxe8 Rxe8 29. Bc5 Qe5 30. Na4 Kg7 31. c3 Ne3 32. Qf3 Nf5 33. Bf2 Qe2 34. Qxe2 Rxe2 35. Kf1 Rc2 36. Re1 Kf7 37. Re2 Rc1+ 38. Kg2 Bd8 39. Nc5 Bc7 40. Ne6 Bd6 41. Nd8+ Kf8 42. Nxc6 a4 43. g4 Ne7 44. Nd4 a3 45. Nb5 axb2 46. Rxb2 Be5 47. Be3 Re1 48. Kf3 Rh1 49. Rf2 Ke8 50. Bf4 Bxf4 51. Kxf4 Kd7 52. Kg5 Rb1 53. Nd4 Rc1 54. Nc2 Rb1 55. Nb4 Ke6 56. a4 d4 57. Na2 dxc3 58. Nxc3 Rc1 59. Rf3 Kd7 60. Re3 Ra1 61. Ne4 Kc6 62. Nf6 Kd6 63. Re4 Ra2 64. Nh7 Rf2 65. Nf6 Ra2 66. Rb4 Ke6 67. Rf4 Rc2 68. Nh7 Rc5+ 69. Kh6 Nd5 70. Re4+ Kd6 71. Kxg6 Nc3 72. Rf4 Nd5 73. Rf8 Rc4 74. Nf6 Rxa4 75. Rd8+ Ke6 76. Nxd5 Rxg4+ 77. Kh5 Rg1 78. Nf4+ Ke5 79. Rf8 Ra1 80. Kg4 Rg1+ 81. Kf3 Ra1 82. Ke3 Re1+ 83. Ne2 Ra1 84. Re8+ Kd6 85. Kd2 Kd7 86. Re5 Kd6 87. Rh5 Ra2+ 88. Kd3 Ra3+ 89. Nc3 Ra1 90. Kd4 Ke6 91. Re5+ Kd6 92. Ne4+ Kc6 93. Rc5+ Kb6 94. Rc8 Rd1+ 95. Ke5 Re1 96. Kd5 Rd1+ 97. Kc4 Rh1 98. Nc3 Kb7 99. Rc5 Rh6 100. Rb5+ Kc6 101. Re5 Rh1 102. Re6+ Kd7 103. Ra6 Rc1 104. Kd4 Rh1 105. Ne4 Kc7 106. Nc3 Kd7 107. Ra7+ Ke6 108. Ne2 Rh4+ 109. Ke3 Kd5 1/2-1/2

[Event "8th Mersin Open 2024"]
[Site "Mersin"]
[Date "2024.11.13"]
[Round "5"]
[White "Tirpan, Ceren"]
[Black "Gurbanov, Ismayil"]
[Result "1/2-1/2"]
[ECO "A23"]
[WhiteElo "2053"]
[BlackElo "2261"]
[Annotator "RC"]
[PlyCount "95"]
[EventDate "2024.11.10"]
[EventType "swiss"]
[EventCountry "TUR"]
[SourceTitle "playchess.com"]
[Source "ChessBase"]
[SourceQuality "1"]
[TimeControl "5400+30"]

1. c4 e5 2. g3 Nf6 3. Bg2 c6 4. d4 exd4 5. Qxd4 d5 6. Nc3 dxc4 7. Qxc4 Be6 8. Qa4 Bc5 9. Nf3 O-O 10. O-O Nbd7 11. Bf4 Qe7 12. Rad1 h6 13. Qc2 Nd5 14. Bd2 Rfe8 15. Rfe1 Rad8 16. a3 N7f6 17. e3 Bg4 18. Nxd5 Rxd5 19. Bc3 Rf5 20. h3 Bxf3 21. Qxf5 Bxd1 22. Rxd1 Bb6 23. a4 Rd8 24. Rxd8+ Bxd8 25. g4 Qd7 26. Qf3 Nd5 27. Bd4 Bb6 28. Qe4 Bxd4 29. Qxd4 Nb6 30. Qf4 Qd1+ 31. Kh2 Nc8 32. Qe4 Qd6+ 33. Kg1 Ne7 34. Bf1 a5 35. Bc4 Kf8 36. Qf3 Nd5 37. Qf5 Qe6 38. Qd3 Qd7 39. Bxd5 cxd5 40. Qa3+ Qe7 41. Qc3 b6 42. Qc8+ Qe8 43. Qc7 Qxa4 44. Qxb6 Ke7 45. Qc7+ Ke6 46. Qc8+ Ke7 47. Qc7+ Ke6 48. Qc8+ 1/2-1/2

[Event "8th Mersin Open 2024"]
[Site "Mersin"]
[Date "2024.11.13"]
[Round "5"]
[White "Mahdavi, Armin"]
[Black "Cheng, Bindi"]
[Result "1/2-1/2"]
[ECO "B01"]
[WhiteElo "2038"]
[BlackElo "2368"]
[Annotator "RC"]
[PlyCount "86"]
[EventDate "2024.11.10"]
[EventType "swiss"]
[EventCountry "TUR"]
[SourceTitle "playchess.com"]
[Source "ChessBase"]
[SourceQuality "1"]
[TimeControl "5400+30"]

1. e4 d5 2. exd5 Nf6 3. d4 Bg4 4. Be2 Bxe2 5. Qxe2 Qxd5 6. Nf3 Nc6 7. O-O O-O-O 8. Be3 e6 9. Nc3 Qf5 10. Rad1 Bb4 11. Rd3 Bd6 12. Nh4 Qa5 13. a3 Nd5 14. b4 Nxc3 15. Rxc3 Qd5 16. Nf3 e5 17. dxe5 Nxe5 18. Nd4 h5 19. Qb5 Ng4 20. h3 Bh2+ 21. Kh1 Be5 22. Rc5 Qe4 23. Nf3 f6 24. Rc4 a6 25. Qc5 Qd5 26. Nxe5 Qxc5 27. Rxc5 Nxe5 28. Bf4 b6 29. Rc3 Rd5 30. Re1 Rhd8 31. Bxe5 fxe5 32. Kg1 R8d6 33. Rce3 Rd2 34. Rxe5 Rxc2 35. Rxh5 Rdd2 36. Rf5 Rc3 37. Re7 Rxa3 38. Rxg7 Rd5 39. Rfg5 Rd2 40. h4 Rb3 41. h5 Rxb4 42. g4 Rbd4 43. f3 a5 1/2-1/2

[Event "8th Mersin Open 2024"]
[Site "Mersin"]
[Date "2024.11.13"]
[Round "5"]
[White "Karabulut, Etka"]
[Black "Atis, Hasan"]
[Result "1-0"]
[ECO "D85"]
[WhiteElo "2024"]
[BlackElo "2167"]
[Annotator "RC"]
[PlyCount "79"]
[EventDate "2024.11.10"]
[EventType "swiss"]
[EventCountry "TUR"]
[SourceTitle "playchess.com"]
[Source "ChessBase"]
[SourceQuality "1"]
[TimeControl "5400+30"]

1. d4 Nf6 2. c4 g6 3. Nc3 d5 4. cxd5 Nxd5 5. e4 Nxc3 6. bxc3 Bg7 7. h3 c5 8. Nf3 O-O 9. Be2 Qc7 10. O-O Rd8 11. Be3 b6 12. Qb3 Ba6 13. Bxa6 Nxa6 14. Qc4 Qb7 15. Rab1 cxd4 16. cxd4 Rac8 17. Qa4 Nb8 18. d5 Qa6 19. Qb4 Re8 20. Rbc1 Bf8 21. Qb3 Nd7 22. Rc6 Nb8 23. Rxc8 Rxc8 24. Ne5 Bg7 25. f4 Qe2 26. d6 Bxe5 27. fxe5 e6 28. Bh6 Nd7 29. Qg3 Qxe4 30. Qg5 Qd4+ 31. Kh1 f6 32. Rxf6 Qxe5 33. Qxe5 Nxe5 34. Rxe6 Rc5 35. Bf4 Nf7 36. Re7 Rf5 37. d7 Rxf4 38. Rxf7 Rd4 39. Re7 Kf8 40. Re8+ 1-0